 Dungeon Crawl Stone Soup version 0.22.0-38-g04b72b8 (webtiles) character file.

233 Lew the Shield-Bearer (level 6, -2/42 HPs)
             Began as an Octopode Fighter on Aug 29, 2018.
             Slain by an orc
             ... wielding a +0 mace
              (8 damage)
             ... on level 4 of the Dungeon.
             The game lasted 00:03:39 (2282 turns).

Lew the Shield-Bearer (Octopode Fighter)            Turns: 2282, Time: 00:03:39

Health: -2/42      AC:  3    Str: 21    XL:     6   Next: 4%
Magic:  6/6        EV: 13    Int: 10    God:
Gold:   130        SH:  0    Dex: 14    Spells: 5/5 levels left

rFire    . . .     SeeInvis .   e - -3 long sword (curse)
rCold    . . .     Gourm    .   b - +1 shield
rNeg     . . .     Faith    .   f - +2 hat
rPois    .         Spirit   .   (no amulet)
rElec    .         Reflect  .   n - +6 ring of strength
rCorr    .         Harm     .   (no ring)
MR       .....                  (no ring)
Stlth    ++........             (no ring)
HPRegen  0.14/turn              (no ring)
MPRegen  0.10/turn              (no ring)
                                (no ring)
                                (no ring)

@: confused
A: almost no armour, stealthy swim, amphibious, 8 rings, constrict 8, camouflage
1, gelatinous body 1
a: no special abilities


You were on level 4 of the Dungeon.
You were hungry.

You visited 1 branch of the dungeon, and saw 4 of its levels.

You collected 130 gold pieces.

Inventory:

Hand Weapons
 a - a +0 war axe
 e - a cursed -3 long sword (weapon)
Armour
 b - a +1 shield (worn)
 f - a +2 hat (worn)
Jewellery
 n - a +6 ring of strength (left tentacle)
Scrolls
 g - 2 scrolls of teleportation
 i - 2 scrolls of fog
Potions
 c - a potion of might
 j - 2 potions of agility
 m - 2 potions of ambrosia
Comestibles
 d - 5 rations


   Skills:
 + Level 3.5 Fighting
 + Level 2.6 Axes
 * Level 4.1 Dodging
 * Level 3.9 Stealth
 * Level 4.2 Shields


You had 5 spell levels left.
You didn't know any spells.
Your spell library contained the following spells:

 Spells                   Type           Power        Failure   Level  Hunger
 Confusing Touch          Hex            #.....       83%         1    ##.....
 Confuse                  Hex            #.......     99%         3    ####...
 Gell's Gravitas          Tloc           #.........   99%         3    ####...
 Petrify                  Tmut/Erth      #.......     100%        4    #####..
 Metabolic Englaciation   Hex/Ice        #.........   100%        5    ######.
 Yara's Violent Unravell  Hex/Tmut       #.........   100%        5    ######.


Dungeon Overview and Level Annotations

Branches:
Dungeon (4/15)
 Temple: D:4-7

Altars:


Innate Abilities, Weirdness & Mutations

You cannot wear most types of armour.
You are very stealthy in the water. (Stealth+)
You are amphibious.
You can wear up to eight rings at the same time.
You can use your tentacles to constrict eight enemies at once.
Your skin changes colour to match your surroundings (Stealth+).
Your rubbery body absorbs attacks. (AC +1, EV +1)


Message History

You grab the orc. You constrict the orc. The orc closely misses you.
You riposte.
You hit the orc but do no damage.
The orc is heavily wounded.
You hit the orc. Your squeeze misses the orc.
The orc is severely wounded.
You constrict the orc.
You kill the orc!
You are feeling hungry.
You closely miss the orc. You grab the orc.
You constrict the orc, but do no damage.
The orc struggles to escape constriction.
The orc escapes!
You hear some strange, mumbled words.
You are confused.
The orc hits you with a morningstar! The orc hits you with a mace!
* * * LOW HITPOINT WARNING * * *
You see here a club.
You closely miss the worker ant. The worker ant closely misses you.
The orc closely misses you. The orc hits you with a mace!
You die...

#$.............
#....†.[.......
##.(...<........
.......).....>.. #
###....÷.......#
#.# #.............
#.#.
###.#..#.###..#.
#...#####oa....#.#
..
.##.....##@#.##.#.#
#
..........o#!##.#.#
#...............#
#=..........#.###
....$......#....#
..................#
.....#.#...........
##..##.....#..#.#.#
#.. .........#....


You could see a worker ant and 2 orcs.

Vanquished Creatures
  An ogre (D:4)
  A hound (D:4)
  4 adders (D:2)
  An ooze (D:2)
  A worm (D:2)
  3 dart slugs
  3 leopard geckos
  An orc (D:4)
  5 bats
  4 giant cockroaches
  10 goblins
  11 hobgoblins
  2 quokkas
  6 frilled lizards
  6 kobolds
  4 rats
63 creatures vanquished.

Notes
Turn   | Place    | Note
-------+----------+-------------------------------------------
     0 | D:1      | Lew the Octopode Fighter began the quest for the Orb.
     0 | D:1      | Reached XP level 1. HP: 16/16 MP: 1/1
     2 | D:1      | Noticed a ghoul
     2 | D:1      | Noticed a felid
     5 | D:1      | Noticed a centaur
     5 | D:1      | Noticed a dwarf
     7 | D:1      | Noticed a merfolk
     7 | D:1      | Noticed a gargoyle
     9 | D:1      | Noticed a minotaur
     9 | D:1      | Noticed an octopode
    11 | D:1      | Noticed a tengu
    11 | D:1      | Noticed a naga
    13 | D:1      | Noticed a spriggan
    13 | D:1      | Noticed a vampire
    15 | D:1      | Noticed a vine stalker
    17 | D:1      | Noticed a demonspawn
    17 | D:1      | Noticed an elf
    19 | D:1      | Noticed a demigod
    21 | D:1      | Noticed a human
    23 | D:1      | Noticed a halfling
    23 | D:1      | Noticed an ogre
    25 | D:1      | Noticed a formicid
    25 | D:1      | Noticed a draconian
    27 | D:1      | Noticed a troll
    90 | D:1      | Reached skill level 1 in Stealth
    90 | D:1      | Reached XP level 2. HP: 17/21 MP: 2/2
   648 | D:1      | Reached XP level 3. HP: 26/26 MP: 3/3
  1134 | D:2      | Reached XP level 4. HP: 27/31 MP: 4/4
  2236 | D:4      | Noticed an ogre
  2244 | D:4      | Killed an ogre
  2244 | D:4      | Reached XP level 5. HP: 32/36 MP: 5/5
  2250 | D:4      | Reached XP level 6. HP: 26/42 MP: 6/6
  2282 | D:4      | Slain by an orc

Skill      XL: |  1  2  3  4 |
---------------+-------------+-----
Stealth        | 1 2 3 |  3.9
Dodging        | 4 |  4.1
Shields        | 4 |  4.2
Fighting       | |  3.5
Axes           | |  2.6

Action                   |  1- 3 |  4- 6 || total
-------------------------+-------+-------++-------
Melee: War axe           |    47 |    48 ||    95
       Tentacles         |    12 |    10 ||    22
       Constrict         |    14 |    20 ||    34
       Long sword        |       |    33 ||    33
  Use: Scroll            |       |     7 ||     7
       Potion            |       |     3 ||     3
 Stab: Sleeping          |     4 |    12 ||    16
  Eat: Chunk             |       |     4 ||     4
Armor: Skin              |     7 |     7 ||    14
Dodge: Dodged            |    27 |    43 ||    70
Block: Shield            |    17 |    37 ||    54
       Rpst.: Long sword |       |     5 ||     5
